 Dungeon Sprint DCSS version 0.32-a0-470-g255bbe2f98 (webtiles) character file.

Game seed: 4904530657343747201

0 Conn the Firebug (level 1, -21/11 HPs)
             Began as an Octopode Fire Elementalist on Feb 25, 2024.
             Was an Initiate of Sif Muna.
             Killed from afar by a deep elf knight (32 damage)
             ... with a shard of ice
             ... in the Dungeon (Sprint V: "Ziggurat Sprint").
             The game lasted 00:02:27 (78 turns).

Conn the Firebug (Octopode Fire Elementalist)         Turns: 78, Time: 00:02:27

Health: -21/11     AC:  1    Str: 19    XL:     1   Next: 0%
Magic:  3/3        EV: 14    Int: 29    God:    Sif Muna [......]
Gold:   0          SH:  0    Dex: 24    Spells: 3/4 levels left

rFire   . . .        C - +27 heavy crossbow "Sniper" {heavy, Acc+∞ SInv}
rCold   . . .        (shield currently unavailable)
rNeg    . . .        (helmet restricted)
rPois   .            (no amulet)
rElec   .            q - +6 ring of dexterity
rCorr   .            r - +6 ring of dexterity
SInv    +            s - +6 ring of intelligence
Will    .....        t - +6 ring of intelligence
Stlth   ++++         u - +6 ring of strength
HPRegen 0.21/turn    v - +6 ring of strength
MPRegen 0.08/turn    (no ring)
                     (no ring)

%: no teleportation
@: invisible
A: almost no armour, amphibious, 8 rings, camouflage 1, gelatinous body 1,
(nimble swimmer 1), tentacles
a: Renounce Religion


You were in the Dungeon.
You worshipped Sif Muna.
Sif Muna was noncommittal.
You visited 1 branch

Inventory:

Hand Weapons
 z - the +6 Majin-Bo {spellvamp, MP+6 Int+6}
   (You found it in the Dungeon)

   Int+6:     It affects your intelligence (+6).
   MP+6:      It affects your magic capacity (+6).
 B - the +8 lance "Wyrmbane" {slay drac, rPois rF+ rC+ AC+3}
   (You found it in the Dungeon)

   AC+3:      It affects your AC (+3).
   rF+:       It protects you from fire.
   rC+:       It protects you from cold.
   rPois:     It protects you from poison
 C - the +27 heavy crossbow "Sniper" (weapon) {heavy, Acc+∞ SInv}
   (You found it in the Dungeon)

   Acc+∞: It never misses its target.
   SInv:      It lets you see invisible.
Armour
 A - the +18 shield of the Gong {Loud rN+ Will+ rCorr EV-5}
   (You found it in the Dungeon)

   Loud:      It is deafeningly noisy when blocking attacks.
   EV-5:      It affects your evasion (-5).
   rN+:       It protects you from negative energy.
   Will+:     It increases your willpower.
   rCorr:     It protects you from acid and corrosion.
Jewellery
 p - a ring of flight
 q - a +6 ring of dexterity (left tentacle)
 r - a +6 ring of dexterity (right tentacle)
 s - a +6 ring of intelligence (on tentacle)
 t - a +6 ring of intelligence (on tentacle)
 u - a +6 ring of strength (on tentacle)
 v - a +6 ring of strength (on tentacle)
Wands
 w - a wand of mindburst (7)
 x - a wand of iceblast (7)
 y - a wand of quicksilver (7)
Scrolls
 f - 3 scrolls of blinking
 l - 4 scrolls of amnesia
 m - 7 scrolls of fog
 n - 5 scrolls of identify
 o - a scroll of fear
Potions
 a - 8 potions of magic
 b - 10 potions of curing
 c - 10 potions of heal wounds
 d - 6 potions of haste
 e - 3 potions of berserk rage
 g - 2 potions of brilliance
 h - a potion of invisibility
 i - 4 potions of resistance
 j - a potion of experience
 k - 5 potions of might


   Skills:
 + Level 2.0 Dodging
 + Level 2.6 Stealth
 + Level 2.0 Spellcasting
 + Level 1.0 Conjurations
 + Level 3.0 Fire Magic


You had 3 spell levels left.
You knew the following spells:

 Your Spells              Type           Power      Damage    Failure   Level
a - Foxfire               Conj/Fire      56%        2x1d6     3%          1

Your spell library contained the following spells:

 Spells                   Type           Power      Damage    Failure   Level
 Scorch                   Fire           40%        2d6       3%          2
 Inner Flame              Hex/Fire       11%        N/A       14%         3
 Volatile Blastmotes      Fire/Tloc      22%        2d11      14%         3
 Flame Wave               Conj/Fire      14%        2d6       36%         4


Dungeon Overview and Level Annotations

Branches:
Dungeon (1/1)

Altars:
Ashenzari
Cheibriados
Dithmenos
Elyvilon
Fedhas
Gozag
Hepliaklqana
Kikubaaqudgha
Makhleb
Nemelex Xobeh
Okawaru
Qazlal
Ru
Sif Muna
Trog
Uskayaw
Vehumet
Wu Jian
Xom
Yredelemnul
Zin
The Shining One
Beogh
Jiyva
Lugonu

Annotations:
D 1 transporter


Innate Abilities, Weirdness & Mutations

You cannot wear most types of armour.
You are amphibious.
You can wear up to eight rings at the same time.
Your skin changes colour to match your surroundings (Stealth+).
Your rubbery body absorbs attacks. (AC +1, EV +1)
((You are camouflaged when in or above water. (Stealth+)))
You have tentacles for arms and can constrict up to eight enemies at once.


Message History

Unknown command.
Unknown command.
C - the +27 heavy crossbow "Sniper" (weapon)
{heavy, Acc+∞ SInv} Fire: C) +27 heavy crossbow "Sniper" {heavy, Acc+∞ SInv}
Press: ? - help, Q - select action, (/) - cycle Shift-Dir - straight line, f - deep elf knight
Aim: a deep elf knight, wielding a +0 long sword and wearing a +0 buckler (asleep, 100% to hit)
Okay, then.
Unknown command.
Unknown command.
Unknown command.
Unknown command.
Unknown command.
You fade into invisibility!
Fire: C) +27 heavy crossbow "Sniper" {heavy, Acc+∞ SInv}
Press: ? - help, Q - select action, (/) - cycle Shift-Dir - straight line, f - orc high priest
Aim: an orc high priest, wielding a +0 short sword (asleep, unable to see you, 100% to hit)
You shoot a bolt. The bolt hits the orc high priest!
The orc high priest shouts!
The orc high priest is moderately wounded.
The deep elf knight shouts!
The orc high priest mumbles some strange prayers.
The deep elf knight closely misses you. The deep elf knight misses you.
As you read the scroll of fear, it crumbles to dust.
You assume a fearsome visage.
The deep elf knight looks frightened!
The orc high priest looks frightened!
The deep elf knight casts a spell.
The deep elf knight flickers and vanishes for a moment.
Blink to where?
Press: ? - help, Dir - move target, p - orc high priest
As you read the scroll of blinking, it crumbles to dust.
Fire: C) +27 heavy crossbow "Sniper" {heavy, Acc+∞ SInv}
Press: ? - help, Q - select action, (/) - cycle Shift-Dir - straight line, f - orc high priest
Aim: an orc high priest, wielding a +0 short sword (moderately wounded, unable to see you, fleeing, 100% to hit)
You shoot a bolt. The bolt hits the orc high priest!!!
Your attack snaps the orc high priest out of its fear.
The orc high priest is almost dead.
The deep elf knight gestures at you while chanting.
The shard of ice hits you!!
Ouch! That really hurt!
You die...

▓▓▓▓▓▓▓
▓@ß©ß.▓
▓.....▓
▓.:.|.▓
▓....o▓
▓.....▓
▓..e..▓
▓▓▓▓▓▓▓


You could see an orc high priest (wandering, unable to see you) and a deep elf
knight (invisible, unable to see you).

Vanquished Creatures (others)
  2 foxfires (D)
2 creatures vanquished.

Notes
Turn   | Place    | Note
-------+----------+-------------------------------------------
     0 | D        | Conn the Octopode Fire Elementalist began the quest for the
                  | Orb.
     0 | D        | Reached XP level 1. HP: 11/11 MP: 3/3
     0 | D        | Found a shimmering blue altar of Sif Muna.
     0 | D        | Found a bloodstained altar of Trog.
     0 | D        | Found a sacrificial altar of Ru.
     0 | D        | Found a stormy altar of Qazlal.
     0 | D        | Found an iron altar of Okawaru.
     1 | D        | Found a sparkling altar of Nemelex Xobeh.
     1 | D        | Found a blossoming altar of Fedhas.
     1 | D        | Found the +6 Majin-Bo {spellvamp, MP+6 Int+6}
     1 | D        | Found the +27 heavy crossbow "Sniper" {heavy, Acc+∞ SInv}
     1 | D        | Found the +10 dark maul {heavy}
     1 | D        | Found the +15 Maxwell's patent armour {-Cast -Tele rElec
                  | Will+ rCorr}
     1 | D        | Found the +18 shield of the Gong {Loud rN+ Will+ rCorr
                  | EV-5}
     1 | D        | Found the +16 obsidian axe {drain, demonic, Mesm ^Drain Fly
                  | SInv}
     1 | D        | Found the +7 great mace "Firestarter" {flame, immolate,
                  | rFlCloud rF++}
     1 | D        | Found the +6 shillelagh "Devastator" {shatter}
     1 | D        | Found the +11 plutonium sword {^Contam Stlth-}
     1 | D        | Found the +8 lance "Wyrmbane" {slay drac, rPois rF+ rC+
                  | AC+3}
     1 | D        | Found the +9 sword of Zonguldrok {reap}
     1 | D        | Found the +13 scythe of Curses {drain, curses, ^Drain}
     1 | D        | Found the +9 sword of Power {lifebolt}
     1 | D        | Found the +7 mace of Variability {chaos, chaos arc}
     1 | D        | Found the +11 Singing Sword {sonic wave}
     1 | D        | Found the +8 storm bow {elec, penet}
     3 | D        | Found a transporter.
     3 | D        | Found an ancient bone altar of Kikubaaqudgha.
     3 | D        | Found a viscous altar of Jiyva.
     3 | D        | Found a corrupted altar of Lugonu.
     3 | D        | Found a hazy altar of Hepliaklqana.
     3 | D        | Found a burning altar of Makhleb.
     3 | D        | Found an opulent altar of Gozag.
    46 | D        | Became a worshipper of Sif Muna the Loreminder
    72 | D        | Entered arena 2.
    72 | D        | Noticed a deep elf knight
    72 | D        | Noticed an orc high priest
    72 | D        | Found a transporter.
    78 | D        | Killed from afar by a deep elf knight

Illustrated notes

Levels and vault maps discovered:
D:        sprint_v [room_start, room_1, room_2, room_3, room_4, room_5, room_6,
          room_7, room_8, room_9, room_10, room_11, room_12, room_13, room_14,
          room_15, room_16, room_17, room_18, room_19, room_20, room_21,
          room_22, room_23, room_24, room_25, room_26, room_27]

Action                     || total
---------------------------++-------
   Fire: Heavy crossbow    ||     2
   Cast: Foxfire           ||     1
    Use: Scroll            ||     2
         Potion            ||     1
 Armour: Skin              ||     1
  Dodge: Dodged            ||     2

Table legend: (Time is in decaauts)
 A = Elapsed time spent in this place.
 B = Non-inter-level travel time spent in this place.
 C = Inter-level travel time spent in this place.
 D = Time resting spent in this place.
 E = Time spent auto-exploring this place.
 F = Levels seen in this place.
 G = Mean time per level.
                   A        B        C        D        E       F      G
               +--------+--------+--------+--------+--------+-----+--------+
         Total |     77 |     77 |      0 |      7 |      0 |   1 |   77.0 |
       Dungeon |     77 |     77 |      0 |      7 |      0 |   1 |   77.0 |
               +--------+--------+--------+--------+--------+-----+--------+

Top non-repeatable levels by time:
       D: 77 daAuts
